Map: Neon Violet Square LE

Players

Serral

  • Race: Zerg Zerg
  • League: Grandmaster
  • Spawn Location: 5:00

ShoWTimE - Winner!

  • Race: Protoss Protoss
  • League: Grandmaster
  • Spawn Location: 11:00

Event: WESG Barcelona European Finals 2017

VOD

Have the link to the VOD?

Description

Time

  • Played on: Nov. 24, 2017, 11:48 a.m.
  • Length: 10:48

All games in this series

Show
View Real Time Build Order
Export as new Build Order

Serral Zerg 

Build Orders: Hatch First 

Get SALT Encoding   

  12  0:00  Drone  
  13  0:10  Drone  
  14  0:19  Overlord  
  14  0:22  Extractor  
  14  0:23  Drone  
  15  0:37  Drone x2  
  17  0:52  Hatchery  
  17  0:56  Drone  
  17  1:00  Drone  
  18  1:05  Extractor  
  17  1:16  Spawning Pool  
  16  1:20  Drone  
  16  1:22  Drone  
  18  1:26  Drone  
  19  1:37  Overlord  
  19  1:49  Drone  
  20  2:03  Queen  
  20  2:04  Zergling x4  
  20  2:05  Metabolic Boost  
  24  2:12  Queen  
  26  2:16  Drone  
  26  2:18  Drone  
  26  2:21  Drone  
  29  2:26  Drone  
  30  2:32  Drone  
  31  2:43  Hatchery  
  30  2:45  Drone  
  31  2:52  Queen  
  31  2:57  Overlord  
  33  3:00  Drone  
  33  3:02  Drone  
  33  3:05  Zergling x2  
  36  3:14  Overlord  
  36  3:16  Zergling x2  
  36  3:17  Drone x2  
  36  3:18  Drone  
  40  3:20  Drone  
  40  3:22  Drone  
  42  3:28  Queen  
  42  3:32  Drone  
  45  3:35  Spore Crawler  
  45  3:37  Drone  
  45  3:42  Drone x2  
  45  3:43  Drone  
  45  3:45  Drone x2  
  50  3:52  Drone x2  
  50  3:55  Lair  
  52  3:58  Drone  
  53  4:04  Queen  
  53  4:06  Overlord  
  54  4:12  Spore Crawler  
  54  4:13  Queen  
  55  4:17  Drone x2, Extractor  
  55  4:18  Extractor  
  55  4:21  Drone x2  
  57  4:24  Drone x2  
  57  4:30  Roach Warren, Drone  
  59  4:32  Drone  
  59  4:36  Drone x3  
  63  4:41  Overlord  
  63  4:44  Overlord  
  62  4:51  Queen  
  64  4:54  Overlord x2  
  64  4:57  Overseer  
  64  5:10  Drone x2  
  64  5:13  Roach  
  64  5:14  Roach x5  
  78  5:18  Nydus Network  
  77  5:22  Roach x2  
  81  5:31  Roach x5  
  81  5:34  Overlord  
  91  5:38  Overlord  
  91  5:43  Roach x3  
  97  5:52  Queen x2  
  101  6:02  Nydus Canal  
  101  6:04  Roach x3  
  101  6:06  Roach  
  101  6:08  Roach  
  111  6:13  Overlord x2  
  111  6:14  Roach  
  113  6:27  Nydus Canal  
  113  6:31  Queen x3  
  113  6:32  Roach x2  
  123  6:35  Roach x2  
  127  6:43  Roach  
  129  6:50  Roach  
  129  6:54  Roach x3  
  129  6:58  Roach x2  
  129  7:00  Roach  
  125  7:03  Roach  
  125  7:07  Roach  
  123  7:10  Roach  
  123  7:13  Zergling x2  
  122  7:17  Zergling x4  
  122  7:18  Zergling x6  
  111  7:24  Drone x2  
  111  7:25  Drone  
  111  7:29  Drone  
  101  7:32  Drone  
  101  7:35  Glial Reconstitution  
  96  7:38  Drone, Extractor  
  96  7:39  Drone, Evolution Chamber  
  96  7:42  Drone  
  93  7:50  Spire  
  93  7:51  Drone x2, Extractor x2  
  93  7:58  Drone x2  
  94  8:03  Drone x4  
  94  8:05  Baneling Nest  
  97  8:08  Zergling x4  
  97  8:11  Zergling x2, Roach  
  97  8:12  Zergling x4  
  103  8:13  Hatchery  
  103  8:17  Zergling x2  
  103  8:19  Queen x2  
  103  8:20  Overlord, Queen  
  103  8:21  Overlord  
  103  8:23  Zergling x6  
  103  8:24  Ravager  
  113  8:32  Nydus Canal  
  113  8:39  Ravager x4  
  113  8:40  Zergling x18  
  124  8:53  Zergling x12  
  120  9:05  Zergling x2  
  120  9:06  Zergling x10  
  123  9:19  Overlord  
  119  9:25  Overlord x3  
  119  9:27  Extractor  
  119  9:29  Hatchery  
  119  9:30  Extractor  
  115  9:31  Baneling  
  115  9:32  Baneling x6  
  115  9:42  Zergling x6  
  115  9:43  Zergling x6  
  116  9:50  Ravager  
  116  9:51  Ravager x5  
  122  10:06  Mutalisk x4  
  122  10:07  Mutalisk  
  130  10:09  Zergling x4  
  130  10:12  Baneling x3  
  134  10:17  Zergling x2  
  134  10:18  Zergling x6  
  134  10:19  Baneling  
  134  10:20  Baneling  
  135  10:30  Zergling x12  
Show
View Real Time Build Order
Export as new Build Order

ShoWTimE Protoss - Winner!

Build Orders: 1 Gate Expand, Oracle Opening, Phoenix Opening, Archon Immortal, Zealot Archon, Archon Drop 

Get SALT Encoding   

  12  0:00  Probe  
  13  0:13  Probe  
  14  0:19  Pylon  
  14  0:25  Probe  
  15  0:37  Probe (Chrono Boost)  
  15  0:38  Assimilator  
  16  0:49  Gateway, Probe (Chrono Boost)  
  17  0:52  Probe (Chrono Boost)  
  18  1:04  Probe (Chrono Boost)  
  20  1:14  Probe (Chrono Boost)  
  20  1:28  Nexus  
  20  1:39  Cybernetics Core  
  20  1:40  Probe  
  20  1:46  Assimilator  
  21  1:53  Probe  
  22  1:59  Pylon  
  22  2:05  Probe  
  23  2:17  Adept (Chrono Boost), Probe  
  23  2:20  Stargate  
  26  2:27  Warp Gate  
  27  2:30  Probe  
  27  2:34  Adept  
  29  2:40  Probe  
  29  2:42  Probe  
  31  2:52  Probe  
  31  2:54  Probe  
  33  3:01  Adept  
  33  3:03  Oracle (Chrono Boost)  
  33  3:04  Probe  
  39  3:07  Probe  
  39  3:11  Pylon  
  40  3:16  Probe  
  40  3:19  Probe  
  44  3:28  Probe  
  44  3:29  Phoenix (Chrono Boost)  
  44  3:31  Probe  
  46  3:34  Assimilator  
  46  3:40  Probe  
  47  3:41  Robotics Facility  
  47  3:43  Probe  
  48  3:48  Pylon  
  48  3:55  Probe (Chrono Boost)  
  50  3:58  Assimilator  
  50  4:00  Probe (Chrono Boost)  
  50  4:03  Twilight Council  
  50  4:07  Probe x2 (Chrono Boost)  
  52  4:15  Gateway, Probe  
  53  4:17  Gateway, Probe  
  54  4:25  Gateway  
  54  4:28  Probe  
  54  4:29  Probe  
  56  4:34  Warp Prism (Chrono Boost)  
  58  4:42  Probe, Templar Archives  
  58  4:43  Probe  
  60  4:47  Pylon  
  60  4:59  Pylon  
  61  5:00  Observer (Chrono Boost)  
  61  5:09  Nexus  
  61  5:10  Probe  
  61  5:11  Probe  
  61  5:12  Pylon  
  63  5:22  Forge, Probe  
  63  5:23  Probe  
  63  5:26  Shield Battery  
  65  5:28  High Templar  
  65  5:29  High Templar x3  
  65  5:32  Archon x2  
  65  5:34  Probe  
  74  5:37  Probe  
  74  5:38  Charge  
  75  5:46  Probe  
  75  5:47  Immortal  
  75  5:49  Probe  
  81  5:59  Protoss Ground Weapons Level 1 (Chrono Boost), Probe (Chrono Boost)  
  81  6:01  Probe (Chrono Boost)  
  83  6:05  Pylon  
  83  6:11  Pylon x2, Probe (Chrono Boost)  
  84  6:13  Probe (Chrono Boost)  
  86  6:19  Probe (Chrono Boost)  
  86  6:22  Pylon  
  88  6:25  Shield Battery  
  88  6:26  Shield Battery  
  88  6:27  Immortal (Chrono Boost)  
  88  6:29  Zealot  
  88  6:31  Stalker  
  88  6:32  Stalker  
  96  6:37  Shield Battery  
  96  6:39  Shield Battery  
  89  6:50  Immortal (Chrono Boost)  
  85  6:55  Stalker x4  
  93  7:07  Probe x2  
  93  7:13  Pylon  
  93  7:16  Immortal (Chrono Boost)  
  93  7:20  Stalker  
  93  7:22  Zealot x3  
  99  7:24  Probe x2  
  99  7:27  Assimilator, Probe  
  103  7:35  Assimilator  
  103  7:36  Probe x2  
  105  7:39  Assimilator, Probe  
  106  7:45  Immortal (Chrono Boost)  
  110  7:53  Probe x2  
  110  7:54  Shield Battery x2  
  110  7:58  High Templar x2  
  114  7:59  Zealot x2  
  114  8:04  Gateway  
  114  8:05  Archon  
  120  8:08  Gateway  
  120  8:10  Gateway  
  120  8:11  Gateway  
  120  8:12  Pylon, Protoss Ground Weapons Level 2 (Chrono Boost)  
  120  8:14  Pylon  
  120  8:19  Observer (Chrono Boost)  
  121  8:28  Pylon  
  121  8:29  Zealot x2  
  121  8:32  Zealot x2  
  129  8:39  Shield Battery, Immortal (Chrono Boost)  
  129  8:41  Pylon  
  133  8:42  Pylon  
  131  8:52  Zealot x2  
  131  8:53  Zealot  
  133  9:08  Zealot, Immortal  
  133  9:09  Probe  
  130  9:10  Probe  
  130  9:14  Zealot x3  
  137  9:28  High Templar  
  139  9:32  High Templar x4  
  139  9:34  High Templar x2  
  151  9:39  Pylon  
  151  9:40  Nexus, Archon x3  
  151  9:42  High Templar  
  153  9:47  Archon  
  153  9:48  Observer  
  154  9:55  Pylon  
  154  10:01  Gateway  
  154  10:02  Gateway  
  154  10:03  Zealot  
  154  10:06  Zealot x2  
  160  10:07  Zealot  
  162  10:16  Pylon  
  164  10:28  Zealot x5  
  164  10:29  Zealot x3  
  178  10:37  Photon Cannon  
  178  10:38  Photon Cannon  
  178  10:41  Photon Cannon  
Tags
 
Add a new tag
Caveats
  • Supply blocks, unpowered buildings, or Contaminate may cause inaccurate times.
  • Supply counts are checked every 10 seconds.